 Dungeon Crawl Stone Soup version 0.29.0-4-gdea44cf6ec (webtiles) character file.

Game seed: 9355825718505063923

15 qw the Chopper (level 2, 0/17 HPs)
             Began as a Tengu Warper on Aug 28, 2022.
             Succumbed to their own poison gas
             ... on level 1 of the Dungeon.
             The game lasted 00:00:04 (755 turns).

qw the Chopper (Tengu Warper)                        Turns: 755, Time: 00:00:05

Health: 0/17       AC:  4    Str: 11    XL:     2   Next: 50%
Magic:  6/6        EV: 11    Int: 13    God:
Gold:   61         SH:  0    Dex: 13    Spells: 5/5 levels left

rFire   . . .      SeeInvis .   Y - +0 hand axe
rCold   . . .      Faith    .   (no shield)
rNeg    + . .      Spirit   .   b - +0 leather armour
rPois   .          Reflect  .   (helmet restricted)
rElec   .          Harm     .   (no cloak)
rCorr   .          Rampage  .   h - +0 pair of gloves
Will    .....                   (boots unavailable)
Stlth   +.........              (no amulet)
HPRegen 0.05/turn               j - ring of positive energy
MPRegen 0.10/turn               (no ring)

@: lethally poisoned (0 -> -4)
A: beak, talons 3
a: no special abilities


You were on level 1 of the Dungeon.
You visited 1 branch of the dungeon, and saw 1 of its levels.

You collected 61 gold pieces.


Innate Abilities, Weirdness & Mutations

You have a beak for a mouth.
You have claws for feet.


   Skills:
 - Level 2.0 Fighting
 + Level 3.3 Axes
 - Level 1.0 Throwing
 - Level 1.1 Armour
 - Level 2.1 Dodging
 - Level 2.0 Spellcasting
 - Level 2.4 Translocations


You had 5 spell levels left.
You didn't know any spells.
Your spell library contained the following spells:

 Spells                   Type           Power      Damage    Failure   Level
 Blink                    Tloc           14%        N/A       19%         2
 Gell's Gravitas          Tloc           7%         N/A       36%         3
 Lesser Beckoning         Tloc           7%         N/A       36%         3
 Teleport Other           Tloc           7%         N/A       36%         3
 Manifold Assault         Tloc           7%         N/A       98%         5

Inventory:

Hand Weapons
 g - a +0 club
 Y - a +0 hand axe (weapon)
Armour
 b - a +0 leather armour (worn)
 h - a +0 pair of gloves (worn)
Jewellery
 j - a ring of positive energy (left hand)
Scrolls
 i - a scroll of identify
Potions
 f - a potion of curing {unknown}

Dungeon Overview and Level Annotations

Branches:
Dungeon (1/15)

Altars:


Message History

Done exploring.
745 ||| READING scroll labelled PIERCH MIOPOA.
As you read the scroll labelled PIERCH MIOPOA, it crumbles to dust.
You feel momentarily disoriented.
It was a scroll of magic mapping.
Done exploring.
746 ||| READING scroll labelled XIRERI MAGUXTU.
The air fills with toxic fumes!
As you read the scroll labelled XIRERI MAGUXTU, it crumbles to dust.
It was a scroll of poison.
Done exploring.
747 ||| READING 2 scrolls labelled INYCSU IDA SOC.
As you read the scroll labelled INYCSU IDA SOC, it crumbles to dust.
It is a scroll of identify.
Really abort (and waste the scroll)?
Done exploring.
748 ||| DROPPING scroll of blinking.
You drop a scroll of blinking.
Done exploring.
(D) Dungeon
Where to? (* - list waypoints, ? - help)
What level of the Dungeon? (default 1, ? - help) Sorry, I don't know how to get there.
Done exploring.
749 ||| Stepping randomly (stuck).
Really walk into that cloud of poison gas?
You are engulfed in poison gas.
You are lethally poisoned!
You feel very sick.
750 ||| Stepping ~*~*~tactically~*~*~ (cloud).
You feel very sick.
You see here a scroll of blinking.
There is a lethal amount of poison in your body!
You feel sick.
There is a lethal amount of poison in your body!
You feel sick.
There is a lethal amount of poison in your body!
You feel sick.
There is a lethal amount of poison in your body!
You feel sick.
There is a lethal amount of poison in your body!
You die...

#.....###........#.....#........
#.....# #......###.....#....##..
##....# #......# #.....#....##..
####### #......# #.....#######..
#.....# #......# #.....# #..
#.###.############.....#### #..
#.# #.....................# ###
#.#######################.######
#.#....##.....#@¤¤¤¤0¤¤.#.......
#.##.#.##.###%#########.#..#####
#.##.#.##.# #.#.........#......#
#....#....# #.#.#########.###.##
########### #....# #.# #.#
###..#### #.###.# #.....#
#.....# #.###.# ####### #.# #.#


There were no monsters in sight!

Vanquished Creatures
  3 goblins (D:1)
  4 hobgoblins (D:1)
  A ball python (D:1)
  3 bats (D:1)
  A frilled lizard (D:1)
  2 kobolds (D:1)
  A rat (D:1)
15 creatures vanquished.

Notes
Turn   | Place    | Note
-------+----------+-------------------------------------------
     0 | D:1      | qw the Tengu Warper began the quest for the Orb.
     0 | D:1      | Reached XP level 1. HP: 12/12 MP: 4/4
     0 | D:1      | 0 ||| qw: Version: 0.1-a-89-g26bdef1
     0 | D:1      | 0 ||| qw: Game counter: 3029
     0 | D:1      | 0 ||| qw: Always use a shield: true
     0 | D:1      | 0 ||| qw: God list: Okawaru
     0 | D:1      | 0 ||| qw: Allow faded altars: false
     0 | D:1      | 0 ||| qw: Do Orc after D:15 true
     0 | D:1      | 0 ||| qw: Do second Lair branch before Depths: true
     0 | D:1      | 0 ||| qw: Lair rune preference: random
     0 | D:1      | 0 ||| qw: Plans: Normal
     0 | D:1      | 0 ||| PLANNING D:1-11
   299 | D:1      | 299 ||| Stepping ~*~*~tactically~*~*~ (stealth).
   300 | D:1      | 300 ||| Stepping ~*~*~tactically~*~*~ (stealth).
   310 | D:1      | Reached XP level 2. HP: 16/17 MP: 6/6
   357 | D:1      | Reached skill level 3 in Axes
   739 | D:1      | 739 ||| UPGRADING to +0 pair of gloves.
   744 | D:1      | 744 ||| UPGRADING to ring of positive energy.
   745 | D:1      | 745 ||| READING scroll labelled PIERCH MIOPOA.
   746 | D:1      | 746 ||| READING scroll labelled XIRERI MAGUXTU.
   747 | D:1      | 747 ||| READING 2 scrolls labelled INYCSU IDA SOC.
   748 | D:1      | 748 ||| DROPPING scroll of blinking.
   749 | D:1      | 749 ||| Stepping randomly (stuck).
   750 | D:1      | 750 ||| Stepping ~*~*~tactically~*~*~ (cloud).
   752 | D:1      | HP: 3/17 [poisoned by you (poison gas)]
   754 | D:1      | HP: 1/17 [poisoned by you (poison gas)]
   755 | D:1      | Succumbed to their own poison gas

Levels and vault maps discovered:
D:1:      onia_arrival_mini_spirals, layout_basic

Skill      XL: |  1  2 |
---------------+-------+-----
Axes           | 3 |  3.3
Fighting       | |  2.0
Throwing       | |  1.0
Armour         | |  1.1
Dodging        | |  2.1
Spellcasting   | |  2.0
Translocations | |  2.4

Action                   || total
-------------------------++-------
Melee: Hand axe          ||    28
       Kick              ||     5
       Peck              ||     2
       Punch             ||     1
Throw: Boomerang         ||     7
  Use: Scroll            ||     3
Armor: Leather armour    ||     8
Dodge: Dodged            ||    17

Table legend:
 A = Non-vault XP
 B = Vault XP
 C = Vault XP percentage of total XP
 D = Non-vault monster count
 E = Vault monster count
 F = Vault count percentage of total count
                 A         B        C        D         E       F
            +---------+---------+-------+---------+---------+-------
      Total |      22 |       0 |   0.0 |      15 |       0 |   0.0
            +---------+---------+-------+---------+---------+-------
        D:1 |      22 |       0 |   0.0 |      15 |       0 |   0.0
            +---------+---------+-------+---------+---------+-------
